 Dungeon Crawl Stone Soup version 0.16.1-2-g95b8d4c (webtiles) character file.

704 Zugr the Conjurer (level 7, -2/36 HPs)
             Began as a Tengu Wizard on Mar 25, 2015.
             Was an Initiate of Vehumet.
             Slain by an ogre
             ... wielding a +0 giant club
              (17 damage)
             ... on level 5 of the Dungeon.
             The game lasted 00:25:01 (6753 turns).

Zugr the Conjurer (Tengu Wizard)                    Turns: 6753, Time: 00:25:01

Health: -2/36      AC:  4    Str:  8    XL:     7   Next: 66%
Magic:  16/21      EV: 12    Int: 20    God:    Vehumet [......]
Gold:   258        SH:  0    Dex: 12    Spells: 4 memorised, 9 levels left

rFire  + . .     SeeInvis .     s - +4 quarterstaff (chaos)
rCold  x . .     Clarity  .     a - +0 robe
rNeg   + . .     SustAb   .     (no shield)
rPois  .         Gourm    .     b - +0 hat
rElec  .         Spirit   .     t - +1 cloak
rCorr  .         Warding  .     (no gloves)
rMut   .         Stasis   .     (boots unavailable)
MR     .....                    (no amulet)
Stlth  +.........               n - ring of positive energy
                                l - ring of fire

@: confused, repel missiles, not resistant to hostile enchantments, very
unstealthy
A: able to fly, beak, talons 3
a: Fly, Renounce Religion


You were on level 5 of the Dungeon.
You worshipped Vehumet.
Vehumet was noncommittal.
You were not hungry.

You visited 2 branches of the dungeon, and saw 6 of its levels.

You collected 258 gold pieces.

Inventory:

Hand weapons
 m - a +0 short sword
 o - a +0 whip
 s - a +4 quarterstaff of chaos (weapon)
Armour
 a - a +0 robe (worn)
 b - a +0 hat (worn)
 p - a +0 cloak
 t - a +1 cloak (worn)
Jewellery
 k - a cursed -3 ring of intelligence {unknown}
 l - a ring of fire (left hand)
 n - a ring of positive energy (right hand)
Magical devices
 q - a wand of fireball (5)
Scrolls
 e - 2 scrolls of fog {unknown}
 h - a scroll of recharging {unknown}
 i - 2 scrolls of amnesia {unknown}
 u - 6 scrolls of identify
 x - 2 scrolls of teleportation {unknown}
 y - 3 scrolls of enchant armour {unknown}
 B - a scroll of remove curse {unknown}
 F - a scroll of magic mapping {unknown}
 G - a scroll of enchant weapon {unknown}
Potions
 f - 2 potions of might
 j - a potion of magic
 v - a potion of flight {unknown}
 w - 2 potions of invisibility
 z - a potion of brilliance {unknown}
 A - a potion of heal wounds {unknown}
 D - 3 potions of degeneration {unknown}
 E - a potion of curing {unknown}
 H - a potion of agility {unknown}
 J - a potion of lignification {unknown}
Books
 c - a book of Minor Magic

   Spells                             Type                      Level
   a - Magic Dart                     Conjuration                  1
   b - Blink                          Translocation                2
   c - Call Imp                       Summoning                    2
   d - Repel Missiles                 Charms/Air                   2
   e - Slow                           Hexes                        2
   f - Conjure Flame                  Conjuration/Fire             3
   g - Mephitic Cloud                 Conjuration/Poison/Air       3
 r - a book of Transfigurations

   Spells                             Type                      Level
   a - Stoneskin                      Transmutation/Earth          2
   b - Irradiate                      Conjuration/Transmutation    5
   c - Statue Form                    Transmutation/Earth          6
   d - Hydra Form                     Transmutation                6
   e - Dragon Form                    Transmutation                7
 I - a book of Beasts

   Spells                             Type                      Level
   a - Summon Butterflies             Summoning                    1
   b - Call Canine Familiar           Summoning                    3
   c - Summon Ice Beast               Ice/Summoning                4
   d - Summon Mana Viper              Hexes/Summoning              5
   e - Monstrous Menagerie            Summoning                    6
   f - Summon Hydra                   Summoning                    7
Comestibles
 d - 6 bread rations
 g - 2 slices of pizza
 C - 8 fruits
 K - a chunk of flesh


   Skills:
 - Level 2.1 Dodging
 - Level 2.0 Stealth
 + Level 6.0 Spellcasting
 + Level 7.4 Conjurations
   Level 1.2 Summonings
   Level 0.7 Translocations
 + Level 1.6 Air Magic


You had 9 spell levels left.
You knew the following spells:

 Your Spells              Type           Power        Failure   Level  Hunger
a - Magic Dart            Conj           ####         1%          1    None
b - Repel Missiles        Chrm/Air       #.....       14%         2    None
c - Mephitic Cloud        Conj/Pois/Air  ###.....     10%         3    ##.....
d - Conjure Flame         Conj/Fire      ####....     10%         3    ##.....


Dungeon Overview and Level Annotations

Branches:
Dungeon (5/15)             Temple (1/1) D:5

Altars:
Ashenzari
Cheibriados
Dithmenos
Elyvilon
Fedhas
Makhleb
Nemelex Xobeh
Ru
Sif Muna
Trog
Vehumet
Yredelemnul
Zin
The Shining One


Innate Abilities, Weirdness & Mutations

You can fly.
You have a beak for a mouth.
You have claws for feet.


Message History

Press: ? - help, Shift-Dir - straight line, f/p - ogre
Aim: an ogre, wielding a giant club (moderately wounded)
The magic dart hits the ogre.
The ogre is heavily wounded.
You hit the ogre.
The ogre flickers and vanishes!
Deactivating autopickup; reactivate with Ctrl-A.
Your kick misses something. Something hits you!!
Ouch! That really hurt!
A centaur comes into view.
The centaur shouts!
Casting: Magic Dart
Confirm with . or Enter, or press ? or * to list all spells.
Aiming: Mephitic Cloud
Press: ? - help, Shift-Dir - straight line The ball explodes into a vile cloud!
The stinking cloud engulfs something.
The stinking cloud engulfs you!
You are engulfed in noxious fumes.
You choke on the stench!
You are confused.
Something hits you!
You die...

..#########.#....#........(......
..........#....##.........#####..
..#.##.##.#.#.#...#.......# #..
.##.##.##.#.#.#...+..._...+ ...
.##...........#...........# ...#
.##.##.##.....#####.......# ###.#
.....).##........#....[....# ..#
###[......###....#⌠.##'##.⌠. ###
##.######.....@###.c..#.. #.#
#.####§§..# #.# #. ###..c.....
##.## # .....## #.<.# .......
#...# ....### #...# ....# ##.##
#...# #.# #?#


You could see a centaur.

Vanquished Creatures
  An ogre (D:4)
  Sigmund (D:3)
  Crazy Yiuf (D:2)
  An orc priest (D:3)
  A hound (D:5)
  An iguana (D:4)
  2 orc wizards
  4 worker ants
  Ijyb (D:2)
  Jessica (D:3)
  A hound skeleton (D:5)
  Terence (D:3)
  5 gnolls
  5 adders
  2 worms
  An adder skeleton (D:4)
  5 giant geckos
  8 orcs
  A ball python (D:3)
  12 bats
  6 giant cockroaches
  9 hobgoblins
  11 jackals (D:2)
  3 quokkas
  4 giant newts
  21 goblins
  8 kobolds
  22 rats
139 creatures vanquished.

Notes
Turn   | Place    | Note
--------------------------------------------------------------
     0 | D:1      | Zugr, the Tengu Wizard, began the quest for the Orb.
     0 | D:1      | Reached XP level 1. HP: 10/10 MP: 4/4
   281 | D:1      | Reached XP level 2. HP: 15/15 MP: 3/7
   326 | D:1      | Learned a level 2 spell: Repel Missiles
   527 | D:1      | Reached XP level 3. HP: 3/19 MP: 0/9
   787 | D:1      | Learned a level 3 spell: Mephitic Cloud
  1274 | D:2      | Noticed Crazy Yiuf
  1290 | D:2      | Killed Crazy Yiuf
  1290 | D:2      | Reached XP level 4. HP: 3/24 MP: 2/11
  1952 | D:2      | Reached skill level 4 in Spellcasting
  2188 | D:2      | Noticed Ijyb
  2211 | D:2      | Killed Ijyb
  2211 | D:2      | Reached XP level 5. HP: 23/28 MP: 0/15
  2618 | D:2      | Learned a level 3 spell: Conjure Flame
  3100 | D:3      | Reached skill level 5 in Conjurations
  3498 | D:3      | Found a glowing golden altar of the Shining One.
  3572 | D:3      | Found a sacrificial altar of Ru.
  3580 | D:3      | Noticed a moth of wrath
  3583 | D:3      | Found a bloodstained altar of Trog.
  3583 | D:3      | Noticed Terence
  3595 | D:3      | Killed Terence
  3595 | D:3      | Reached XP level 6. HP: 20/32 MP: 14/18
  3940 | D:3      | Noticed Jessica
  3950 | D:3      | Killed Jessica
  4042 | D:3      | Found a blossoming altar of Fedhas.
  4062 | D:3      | Noticed Sigmund
  4077 | D:3      | Killed Sigmund
  4077 | D:3      | Reached skill level 5 in Spellcasting
  4406 | D:4      | Reached skill level 6 in Conjurations
  4664 | D:4      | Reached XP level 7. HP: 36/36 MP: 12/20
  5090 | D:4      | Reached skill level 7 in Conjurations
  6046 | D:5      | Entered Level 5 of the Dungeon
  6333 | D:5      | Found a shattered altar of Ashenzari.
  6388 | D:5      | Reached skill level 1 in Air Magic
  6401 | D:5      | Found a white marble altar of Elyvilon.
  6450 | D:5      | Found a staircase to the Ecumenical Temple.
  6479 | Temple   | Entered the Ecumenical Temple
  6491 | Temple   | Became a worshipper of Vehumet
  6709 | D:5      | Found a snail-covered altar of Cheibriados.
  6711 | D:5      | Found a glowing silver altar of Zin.
  6753 | D:5      | Slain by an ogre

Action                   |  1- 3 |  4- 6 |  7- 9 || total
-------------------------+-------+-------+-------++-------
Melee: Whip              |     2 |       |       ||     2
       Quarterstaff      |       |    57 |    38 ||    95
 Cast: Magic Dart        |    57 |   153 |    78 ||   288
       Repel Missiles    |     1 |     1 |       ||     2
       Mephitic Cloud    |     1 |     7 |     2 ||    10
  Use: Scroll            |     1 |     2 |       ||     3
  Eat: Chunk             |     1 |     6 |       ||     7
       Meat ration       |       |     1 |     1 ||     2
       Beef jerky        |       |       |     1 ||     1
